 Dungeon Crawl Stone Soup version 0.30-b1-2-g02819fbbbe (webtiles) character file.

Game seed: 3837145356617212436

(classic levelgen) 975 EnegeticOcto the Chopper (level 7, -3/63 HPs)
             Began as a Minotaur Fighter on May 9, 2023.
             Killed from afar by a white imp (6 damage)
             ... with a puff of frost
             ... on level 6 of the Dungeon.
             The game lasted 00:02:11 (4026 turns).

EnegeticOcto the Chopper (Minotaur Fighter)         Turns: 4026, Time: 00:02:12

Health: -3/63      AC: 12    Str: 23    XL:     7   Next: 95%
Magic:  6/6        EV:  8    Int:  5    God:
Gold:   295        SH:  5    Dex:  9    Spells: 6/6 levels left

rFire   . . .        a - +1 war axe
rCold   . . .        c - +0 buckler
rNeg    . . .        h - +0 chain mail
rPois   .            (helmet restricted)
rElec   .            (no cloak)
rCorr   .            (no gloves)
SInv    .            g - +1 pair of boots
Will    .....        (no amulet) Stlth
                     (no ring)
HPRegen 0.30/turn    (no ring)
MPRegen 0.10/turn

%: no passive effects
@: no status effects
A: horns 2, retaliatory headbutt
a: no special abilities


You were on level 6 of the Dungeon.
You visited 1 branch of the dungeon, and saw 6 of its levels.

You collected 295 gold pieces.

Inventory:

Hand Weapons
 a - a +1 war axe (weapon)
Armour
 b - a +0 scale mail
 c - a +0 buckler (worn)
 g - a +1 pair of boots (worn)
   (You found it on level 2 of the Dungeon)
 h - a +0 chain mail (worn)
   (You found it on level 3 of the Dungeon)
Jewellery
 f - a ring of protection from cold
   (You found it on level 5 of the Dungeon)
 j - an amulet of magic regeneration
   (You found it on level 3 of the Dungeon)
Wands
 t - a wand of flame (3) {@v4}
   (You found it on level 6 of the Dungeon)
Scrolls
 l - a scroll of summoning {unknown}
 m - a scroll of magic mapping {@r5}
 p - a scroll of enchant armour
 q - a scroll of vulnerability
 r - a scroll of identify {@r1}
Potions
 d - 2 potions of might {@q3}
 e - a potion of haste {@q4}
 i - 4 potions of curing {@q1}
 k - 2 potions of lignification
 n - 2 potions of heal wounds {@q2}
 o - 2 potions of brilliance {unknown}
 s - a potion of resistance {unknown}


   Skills:
 + Level 6.1 Fighting
 * Level 7.3 Axes
 + Level 6.1 Armour
 + Level 6.0 Shields


You had 6 spell levels left.
You didn't know any spells.
Your spell library was empty.

Dungeon Overview and Level Annotations

Branches:
Dungeon (6/15)
 Temple: D:4-7

Altars:
Xom

Shops:
D:2 (

Annotations:
D:3 2 transporters, zkyp's ghost, amateur TeEn


Innate Abilities, Weirdness & Mutations

You have a pair of horns on your head.
You reflexively headbutt those who attack you in melee.


Message History

The iguana hisses menacingly.
The howler monkey hoots and howls with incredible vigour!
A scorpion comes into view.
The iguana bites you.
You barely miss the iguana. You block the iguana's attack. x2
You slash the howler monkey! Your headbutt misses the howler monkey.
The howler monkey is severely wounded.
You barely miss the iguana.
A howler monkey comes into view.
The howler monkey hits you. The iguana barely misses you.
You barely miss the howler monkey. You headbutt the howler monkey.
The howler monkey is severely wounded.
You hit the iguana. You block the howler monkey's attack.
The howler monkey hoots and howls with incredible vigour!
The iguana bites you.
The howler monkey hits you but does no damage.
You barely miss the howler monkey. Your headbutt misses the howler monkey.
The howler monkey is severely wounded.
You hit the iguana but do no damage.
A white imp comes into view.
The howler monkey hits you but does no damage.
The iguana closely misses you.
You barely miss the howler monkey.
The howler monkey is severely wounded.
The white imp shouts, "Take thy face hence, thou bumbling saucy bull-brain!"
You hit the iguana. You barely miss the scorpion.
The scorpion stings you but does no damage.
The howler monkey hoots and howls with incredible vigour!
The iguana bites you.
You hit the howler monkey.
You kill the howler monkey!
You hit the iguana. You hit the scorpion.
The howler monkey hoots and howls with incredible vigour!
The scorpion stings you.
You are poisoned.
The scorpion poisons you! You block the iguana's attack.
The scorpion stings you.
You are more poisoned.
The scorpion poisons you!
Your Axes skill increases to level 7!
You slash the iguana!
You kill the iguana!
You slash the scorpion!
You feel very sick.
The howler monkey hoots and howls with incredible vigour!
The scorpion stings you but does no damage.
There are monsters nearby!
You barely miss the scorpion. You headbutt the scorpion.
The scorpion is heavily wounded.
You feel very sick. The scorpion stings you. x2
You hit the scorpion but do no damage.
The scorpion is heavily wounded.
You slash the howler monkey!
You feel very sick. The howler monkey barely misses you.
The scorpion stings you but does no damage.
You are too injured to fight recklessly!
You are too injured to fight recklessly!
You are too injured to fight recklessly!
You are too injured to fight recklessly!
You are too injured to fight recklessly!
You are too injured to fight recklessly!
You are too injured to fight recklessly!
You are too injured to fight recklessly!
You are too injured to fight recklessly!
You are too injured to fight recklessly!
You barely miss the scorpion. Your headbutt misses the scorpion.
The scorpion is heavily wounded.
You hit the howler monkey.
You feel sick.
The howler monkey hits you but does no damage.
The scorpion stings you but does no damage.
The white imp gestures at you. The puff of frost hits you.
The howler monkey hoots and howls with incredible vigour!
You closely miss the scorpion.
The scorpion is heavily wounded.
You slash the howler monkey!
You kill the howler monkey!
You feel sick. You block the scorpion's attack. The white imp gestures at you.
The puff of frost hits you.
* * * LOW HITPOINT WARNING * * *
You block the scorpion's attack.
Your Fighting skill increases to level 6!
Your Armour skill increases to level 6!
Your Shields skill increases to level 6!
You slash the scorpion!
You kill the scorpion!
You feel sick.
You barely miss the white imp.
You feel sick. The white imp gestures at you. The puff of frost hits you!
* * * LOW HITPOINT WARNING * * *
You barely miss the white imp.
You feel sick. The white imp barely misses you.
You barely miss the white imp.
You feel sick.
You are no longer poisoned.
The white imp gestures at you. The puff of frost hits you.
You die...

...............
...............
...............
...............
.............[.
...............
.......†.......
.......@5......
######..#######
##.......##
#...
###....###.##
##... #.....##
##.## #....
.......##
##.###....
######.##
##..##..> #..#
##..# #.. #..##
##..## #..


You could see a white imp.

Vanquished Creatures
  A black bear (D:5)
  An ogre (D:5)
  A scorpion (D:6)
  4 howler monkeys
  2 hounds
  A jelly (D:5)
  An orc priest (D:5)
  2 sleepcaps
  5 iguanas
  3 orc wizards (D:6)
  8 adders
  3 gnolls (D:4)
  3 ufetubi
  A worm (D:3)
  A dart slug (D:1)
  7 orcs
  10 ball pythons
  4 endoplasms
  2 giant cockroaches
  6 goblins
  7 hobgoblins
  6 jackals
  5 quokkas
  7 bats
  A frilled lizard (D:1)
  8 kobolds
  2 rats (D:1)
102 creatures vanquished.

Notes
Turn   | Place    | Note
-------+----------+-------------------------------------------
     0 | D:1      | EnegeticOcto the Minotaur Fighter began the quest for the
                  | Orb.
     0 | D:1      | Reached XP level 1. HP: 19/19 MP: 0/0
   102 | D:1      | Reached XP level 2. HP: 15/27 MP: 1/1
   328 | D:1      | Reached skill level 3 in Axes
   864 | D:2      | Reached XP level 3. HP: 33/33 MP: 2/2
   977 | D:2      | Found Tekuy's Weapon Boutique.
  1095 | D:2      | Identified the +0 mace of Conscience {spect, Int+3}
  1415 | D:3      | Reached XP level 4. HP: 40/40 MP: 3/3
  1512 | D:3      | Found a transporter.
  1538 | D:3      | Found a transporter.
  1545 | D:3      | Reached skill level 4 in Axes
  1546 | D:3      | Noticed zkyp's ghost (amateur TeEn)
  1998 | D:4      | Reached XP level 5. HP: 38/47 MP: 4/4
  2031 | D:4      | Found a shimmering altar of Xom.
  2755 | D:5      | Entered Level 5 of the Dungeon
  2755 | D:5      | Noticed a black bear
  2761 | D:5      | Reached skill level 5 in Axes
  2763 | D:5      | Killed a black bear
  2764 | D:5      | Reached skill level 5 in Fighting
  2764 | D:5      | Reached skill level 5 in Armour
  2764 | D:5      | Reached skill level 5 in Shields
  2764 | D:5      | Reached XP level 6. HP: 43/56 MP: 5/5
  3078 | D:5      | Reached skill level 6 in Axes
  3095 | D:5      | Reached XP level 7. HP: 61/61 MP: 6/6
  4018 | D:6      | Reached skill level 7 in Axes
  4026 | D:6      | HP: 3/63 [poisoned by a scorpion]
  4026 | D:6      | Killed from afar by a white imp

Illustrated notes

Levels and vault maps discovered:
D:1:      minmay_arrival_hallway, layout_basic
D:2:      layout_basic, serial_shops, nicolae_shop_bloodbath_and_beyond,
          minmay_misc_feat_doors, chequers_serial_rivers_large_a,
          hangedman_decor_opposing
D:3:      layout_rooms, gammafunk_ghost_stat_death
D:4:      layout_cave_pools, xom_butterflies, grunt_decor_arrowhead,
          corexii_item_surrounded_by_moat, serial_bayou_lagoon_a,
          kennysheep_potato
D:5:      layout_loops_corners, serial_glass, glass_columns_b, glass_columns_a,
          chequers_serial_rivers_marsh
D:6:      layout_layer_cave, minmay_temple_entry_purple_smoke,
          wad_floor_pattern_1, kennysheep_generic_room_12

Skill      XL: |  1  2  3  4  5  6  7 |
---------------+----------------------+-----
Axes           | 3 4 5 6 7 |  7.3
Armour         | 4 5 6 |  6.1
Shields        | 4 5 6 |  6.0
Fighting       | 4 5 6 |  6.1

Action                     |  1- 3 |  4- 6 |  7- 9 || total
---------------------------+-------+-------+-------++-------
  Melee: War axe           |    84 |    81 |    71 ||   236
         Headbutt          |    10 |    12 |    10 ||    32
    Use: Scroll            |       |    10 |     1 ||    11
 Armour: Scale mail        |    39 |       |       ||    39
         Chain mail        |       |    46 |    47 ||    93
  Dodge: Dodged            |    41 |    34 |    34 ||   109
  Block: Buckler           |    16 |    22 |    21 ||    59
